 Seeded DCSS version 0.28.0-43-g3370ac3207 (webtiles) character file.

Game seed: 9871404364189446373 (custom seed)

125 croobank the Shield-Bearer (level 4, 0/38 HPs)
             Began as a Demigod Fighter on Mar 25, 2022.
             Slain by a black bear (5 damage)
             ... on level 4 of the Dungeon.
             The game lasted 00:10:34 (2366 turns).

croobank the Shield-Bearer (Demigod Fighter)        Turns: 2366, Time: 00:10:35

Health: 0/38       AC:  6    Str: 21    XL:     4   Next: 53%
Magic:  6/6        EV:  9    Int: 10    God:
Gold:   146        SH:  5    Dex: 13    Spells: 2/3 levels left

rFire   . . .      SeeInvis .   a - +0 war axe
rCold   . . .      Faith    .   c - +0 buckler
rNeg    + . .      Spirit   .   b - +0 scale mail
rPois   .          Reflect  .   (no helmet)
rElec   .          Harm     .   (no cloak)
rCorr   .          Rampage  .   (no gloves)
Will    .....                   (no boots)
Stlth   ..........              (no amulet)
HPRegen 0.12/turn               x - ring of positive energy
MPRegen 0.10/turn               (no ring)

@: no status effects
A: high MP 1, forlorn, divine attributes
a: no special abilities


You were on level 4 of the Dungeon.
You visited 1 branch of the dungeon, and saw 4 of its levels.

You collected 146 gold pieces.

Inventory:

Hand Weapons
 a - a +0 war axe (weapon)
 t - a +0 scimitar
Missiles
 e - 85 stones
 g - 93 arrows
 n - 3 poisoned darts
 p - 2 boomerangs (quivered)
 q - a throwing net
 r - 43 sling bullets
Armour
 b - a +0 scale mail (worn)
 c - a +0 buckler (worn)
Jewellery
 u - a ring of protection from cold
 x - a ring of positive energy (left hand)
Scrolls
 h - 4 scrolls of teleportation {unknown}
 i - a scroll of immolation {unknown}
 j - 4 scrolls of amnesia {unknown}
 k - 2 scrolls of identify {unknown}
 m - a scroll of holy word {unknown}
 s - a scroll of torment {unknown}
 v - a scroll of enchant weapon {unknown}
Potions
 d - a potion of flight {unknown}
 f - a potion of curing {curing}
 l - a potion of ambrosia {unknown}
 o - 2 potions of attraction {unknown}
 w - a potion of heal wounds {unknown}


   Skills:
 + Level 3.4 Fighting
 + Level 2.7 Axes
 + Level 3.4 Armour
 + Level 3.4 Shields


You had 2 spell levels left.
You knew the following spells:

 Your Spells              Type           Power      Damage    Failure   Level
a - Sting                 Tmut/Pois      0%         1d3       80%         1

Your spell library contained the following spells:

 Spells                   Type           Power      Damage    Failure   Level
 Poisonous Vapours        Pois/Air       0%         N/A       90%         2
 Ignite Poison            Fire/Tmut/Pois 0%         N/A       99%         3
 Mephitic Cloud           Conj/Pois/Air  0%         N/A       99%         3
 Olgreb's Toxic Radiance  Pois           0%         N/A       100%        4
 Freezing Cloud           Conj/Ice/Air   0%         6-21      100%        5


Dungeon Overview and Level Annotations

Branches:
Dungeon (4/15)
 Temple: D:4-7


Innate Abilities, Weirdness & Mutations

You have an increased reservoir of magic. (+10% MP)
You shall have no god before yourself.
Your divine heritage dramatically boosts your attributes as you level up.


Message History

The black bear claws you. The black bear barely misses you.
You closely miss the black bear.
The black bear is lightly wounded.
The black bear bites you. The black bear closely misses you.
The black bear claws you. The endoplasm freezes you.
You are frozen.
Unknown command.
You slash the black bear!
The black bear is heavily wounded.
You hit the endoplasm.
You kill the endoplasm!
The black bear bites you but does no damage.
The black bear claws you. x2
You barely miss the black bear.
The black bear is heavily wounded.
The black bear bites you but does no damage.
The black bear barely misses you. The black bear misses you.
The black bear closely misses you. The black bear barely misses you.
The black bear closely misses you.
Unknown command.
You hit the black bear.
The black bear is heavily wounded.
The black bear misses you.
The black bear claws you but does no damage. x2
You hit the black bear.
The black bear is severely wounded.
The black bear goes berserk!
The black bear misses you.
The black bear claws you but does no damage. x2
You slash the black bear!
The black bear is almost dead.
You block the black bear's attack. The black bear barely misses you.
The black bear claws you. The black bear bites you.
The black bear barely misses you. The black bear claws you.
You barely miss the black bear.
The black bear is almost dead.
The black bear bites you!
* * * LOW HITPOINT WARNING * * *
The black bear claws you.
You die...

.......#..#
#.......†###
##.....†...###
#.....###...# ##
.......# #..†## .###
.......###....###...###
........#.............#
.....................#
................@##..#
...#.........h.....#
..##................
................)...
.........[..!...##
........#...#.##
#..##....#...# #.
.....#####


You could see a black bear (berserk).

Vanquished Creatures
  An orc priest (D:3)
  2 adders
  A worm (D:2)
  A dart slug (D:3)
  6 orcs (D:3)
  7 ball pythons
  11 endoplasms
  8 goblins
  2 hobgoblins (D:2)
  4 jackals (D:4)
  3 quokkas
  7 bats
  3 frilled lizards
  A kobold (D:3)
  2 rats (D:2)
59 creatures vanquished.

Notes
Turn   | Place    | Note
-------+----------+-------------------------------------------
     0 | D:1      | croobank the Demigod Fighter began the quest for the Orb.
     0 | D:1      | Reached XP level 1. HP: 18/18 MP: 3/3
   382 | D:1      | Reached XP level 2. HP: 25/25 MP: 4/4
  1256 | D:2      | Reached XP level 3. HP: 31/31 MP: 5/5
  1543 | D:3      | HP: 1/31 [orc priest/divine providence (9)]
  1547 | D:3      | Reached XP level 4. HP: 6/38 MP: 6/6
  1842 | D:3      | Learned a level 1 spell: Sting
  2356 | D:4      | Noticed a black bear
  2366 | D:4      | Slain by a black bear

Illustrated notes

Levels and vault maps discovered:
D:1:      onia_arrival_mini_maze_b, layout_basic, bh_walls_and_bars
D:2:      layout_basic, serial_glass, glass_columns_c, glass_columns_b,
          nrook_campfire, minmay_tripent
D:3:      layout_basic, minmay_misc_feat_encased
D:4:      layout_cave_pools

Skill      XL: |  1  2 |
---------------+-------+-----
Axes           | 2 |  2.7
Shields        | 3 |  3.4
Armour         | 3 |  3.4
Fighting       | 3 |  3.4

Action                   |  1- 3 |  4- 6 || total
-------------------------+-------+-------++-------
Melee: War axe           |   109 |    54 ||   163
Throw: Boomerang         |     1 |     1 ||     2
  Use: Potion            |     2 |       ||     2
Armor: Scale mail        |    43 |    27 ||    70
Dodge: Dodged            |    63 |    34 ||    97
Block: Buckler           |    35 |    27 ||    62
